 Dungeon Sprint DCSS version 0.31-a0-43-g46d131a48f (webtiles) character file.

Game seed: 5296996982682345449

3808 sircluck the Brawler (level 9, -4/101 HPs)
             Began as a Troll Berserker on May 19, 2023.
             Was an Elder of Trog.
             Succumbed to a redback's poison
             ... in the Dungeon (Sprint II: "The Violet Keep of Menkaure").
             The game lasted 00:03:06 (412 turns).

sircluck the Brawler (Troll Berserker)               Turns: 412, Time: 00:03:07

Health: -4/101     AC:  4    Str: 37    XL:     9   Next: 96%
Magic:  8/8        EV: 13    Int:  3    God:    Trog [****..]
Gold:   202        SH:  0    Dex:  9    Spells: 8/8 levels left

rFire   . .          .
                       - Unarmed
rCold   . . .        (no shield)
rNeg    . . .        a - +0 animal skin
rPois   .            (helmet restricted)
rElec   .            (no cloak)
rCorr   .            (gloves unavailable)
SInv    .            (boots unavailable)
Will    .....        (no amulet)
Stlth   +            i - ring of flight
HPRegen 1.16/turn    j - +6 ring of strength
MPRegen 0.11/turn

%: no teleportation
@: lethally poisoned (-4 -> -19), flying, very slightly contaminated, slowed,
very slow
A: large, unfitting armour, claws 3, regeneration 1, shaggy fur 1, tough skin 1
a: Renounce Religion, Berserk, Trog's Hand, Brothers in Arms


You were in the Dungeon.
You worshipped Trog.
Trog was greatly pleased with you.
You visited 1 branch You collected 972 gold pieces.
You spent 770 gold pieces at shops.

Inventory:

Armour
 a - a +0 animal skin (worn)
Jewellery
 i - a ring of flight (left claw)
 j - a +6 ring of strength (right claw)
Potions
 d - a potion of haste
 e - 2 potions of magic
 f - a potion of berserk rage


   Skills:
 + Level 10.1 Fighting
 + Level 11.3 Dodging
 + Level 0.3 Stealth
 + Level 15.8 Unarmed Combat


You had 8 spell levels left.
You didn't know any spells.
Your spell library was empty.

Dungeon Overview and Level Annotations

Branches:
Dungeon (1/1)

Altars:

Shops:
D [:=*==[?:!?!([[

Annotations:
D exclusions: oklob plant and orange crystal statue


Innate Abilities, Weirdness & Mutations

You are too large for most types of armour.
You have claws for hands.
Your natural rate of healing is unusually fast.
You are covered in fur. (AC +1)
You have tough skin. (AC +1)


Message History

The skeletal warrior hits something with a +0 long sword!!
You mangle the elephant!!
The elephant is almost dead.
You feel extremely sick. The redback bites you!
* * * LOW HITPOINT WARNING * * *
The elephant tramples you but does no damage.
The elephant misses you.
The skeletal warrior barely misses something.
The redback misses you. The elephant tramples you!
* * * LOW HITPOINT WARNING * * *
You hold your ground!
The elephant barely misses you.
You feel much better.
* * * LOW HITPOINT WARNING * * *
You feel extremely sick. The redback misses you.
The skeletal warrior hits something with a +0 long sword!!
The elephant tramples you!
* * * LOW HITPOINT WARNING * * *
You hold your ground!
The elephant barely misses you. The redback misses you.
Unknown command.
You feel better. The redback bites you.
* * * LOW HITPOINT WARNING * * *
You are lethally poisoned!
The redback poisons you! The elephant completely misses you.
The elephant barely misses you.
The redback bites you but does no damage.
The elephant tramples you!
* * * LOW HITPOINT WARNING * * *
You hold your ground!
The elephant closely misses you.
Unknown command.
Unknown command.
Unknown command.
Blink to where?
Press: ? - help, Q - select action, (/) - cycle Dir - move target
As you read the scroll of blinking, it crumbles to dust.
* * * LOW HITPOINT WARNING * * *
You feel extremely sick.
You reach down and close the door.
You die...

..∩.....#~~~~##.#.##.####,,+,****
...∩.∩..#~~~~#.Y#..#....#,,*,,,**
....∩.⌠.#~~####.#.####..##***,,**
...∩.∩..#~##.###'###.##..#,,+,^*,
..∩.∩...#~#.#.##s###..#..#,,*,,*,
.∩.∩....'~÷###'†<.'.##+..###*,,**
∩.∩.....#~#.#.##†###..#....###.,,
▓▓▓▓▓▓###~##.###+###.##......§~~~
).Y######~~#####@.####~~...§.~#'*
|.J#h!+,##~~~#.##..#§~~~~~~..~#,,
∩P[+$.#+*#'#~##.#.##~~~~~§~~.~#_,
?.[#$##.##)#~~##'##~~§§≈§§~§~~#,_
:$$###~§~####~~~~~~~~~§≈§§§~§§#_,
#+###~~.~~*,#+++#+++#~≈≈≈≈§≈≈§#,_
,,,**~,,~~***~≈SS≈≈~##≈≈≈###≈§#_,
*+***~~,~~**~§§≈≈≈≈≈§##≈§#,*§≈#,_
,,,*+,~,~,+~~○≈≈≈≈≈≈§≈+§≈#+*~~*,,


There were no monsters in sight!

Vanquished Creatures
  2 boulder beetles (D)
  2 wyverns (D)
  A vampire mosquito (D)
  A water moccasin (D)
  4 scorpions (D)
  3 worms (D)
13 creatures vanquished.

Vanquished Creatures (collateral kills)
  Kirke (D)
  A yaktaur captain (D)
  A kobold demonologist (D)
3 creatures vanquished.

Vanquished Creatures (others)
  A water moccasin (D)
1 creature vanquished.

Grand Total: 17 creatures vanquished

Notes
Turn   | Place    | Note
-------+----------+-------------------------------------------
     0 | D        | sircluck the Troll Berserker began the quest for the Orb.
     0 | D        | Reached XP level 1. HP: 22/22 MP: 0/0
     1 | D        | Noticed a boulder beetle
     1 | D        | Noticed a boulder beetle
     5 | D        | Noticed a scorpion
     5 | D        | Noticed a scorpion
    11 | D        | Killed a scorpion
    12 | D        | Reached skill level 5 in Unarmed Combat
    12 | D        | Reached XP level 2. HP: 28/32 MP: 1/1
    12 | D        | Reached XP level 3. HP: 35/39 MP: 2/2
    15 | D        | Killed a scorpion
    16 | D        | Reached skill level 5 in Dodging
    16 | D        | Reached skill level 6 in Unarmed Combat
    16 | D        | Reached XP level 4. HP: 49/49 MP: 3/3
    17 | D        | Noticed a scorpion
    17 | D        | Noticed a scorpion
    19 | D        | Killed a scorpion
    19 | D        | Reached ** piety under Trog
    20 | D        | Reached skill level 5 in Fighting
    20 | D        | Reached skill level 7 in Unarmed Combat
    20 | D        | Reached XP level 5. HP: 57/57 MP: 4/4
    48 | D        | Reached *** piety under Trog
    52 | D        | Killed a water moccasin
    58 | D        | Found Yfrir's Antique Armour Emporium.
    60 | D        | Found Zigh's Antique Weapon Emporium.
    60 | D        | Found Zaxupposo's Distillery.
    61 | D        | Found Hicigyepp's Magic Scroll Emporium.
    61 | D        | Found Ihej's Distillery.
    62 | D        | Found Ekyo's Antique Armour Shoppe.
    62 | D        | Found Tiomy's Book Emporium.
    63 | D        | Found Agetehat's Antique Armour Emporium.
    63 | D        | Found Ankelaba's Jewellery Shoppe.
    64 | D        | Found Ylusmuv's Jewellery Shoppe.
    65 | D        | Found Fiogor's Magic Scroll Shoppe.
    67 | D        | Noticed a water moccasin
    67 | D        | Noticed a slime creature
    73 | D        | Killed a water moccasin
    74 | D        | Reached skill level 8 in Unarmed Combat
    74 | D        | Reached XP level 6. HP: 54/68 MP: 5/5
    83 | D        | Noticed an orange crystal statue
   119 | D        | Noticed a vampire mosquito
   127 | D        | Killed a vampire mosquito
   128 | D        | Reached skill level 9 in Unarmed Combat
   137 | D        | Noticed a wyvern
   137 | D        | Noticed a wyvern
   143 | D        | Killed a wyvern
   144 | D        | Reached skill level 10 in Unarmed Combat
   144 | D        | Reached XP level 7. HP: 30/78 MP: 6/6
   145 | D        | Killed a wyvern
   145 | D        | Reached **** piety under Trog
   218 | D        | Killed a boulder beetle
   219 | D        | Reached skill level 12 in Unarmed Combat
   219 | D        | Reached XP level 8. HP: 27/91 MP: 7/7
   235 | D        | Killed a boulder beetle
   236 | D        | Reached skill level 10 in Dodging
   236 | D        | Reached skill level 13 in Unarmed Combat
   244 | D        | Found Vamilomi's Assorted Antiques.
   244 | D        | Found Nulas's Jewellery Emporium.
   244 | D        | Noticed a slime creature
   244 | D        | Noticed a slime creature
   244 | D        | Noticed an oklob plant
   245 | D        | Found Ronuvvar's Antique Armour Shoppe.
   245 | D        | Found Xoedewe's Book Shoppe.
   246 | D        | Noticed a death yak
   249 | D        | Noticed a hell hog
   250 | D        | Noticed a hell hog
   258 | D        | Bought a scroll of magic mapping for 75 gold pieces
   334 | D        | Bought a ring of flight for 227 gold pieces
   334 | D        | Bought a +6 ring of strength for 468 gold pieces
   372 | D        | Noticed Kirke
   372 | D        | Noticed a skeletal warrior
   372 | D        | Noticed a kobold demonologist
   381 | D        | Noticed a yaktaur captain
   397 | D        | Noticed a lindwurm
   401 | D        | Killed Kirke
   402 | D        | Reached skill level 14 in Unarmed Combat
   402 | D        | Reached XP level 9. HP: 70/101 MP: 8/8
   404 | D        | Killed a yaktaur captain
   405 | D        | Reached skill level 10 in Fighting
   405 | D        | Reached skill level 15 in Unarmed Combat
   405 | D        | Killed a kobold demonologist
   406 | D        | Noticed an elephant
   411 | D        | HP: 2/101 [poisoned by a redback]
   412 | D        | Succumbed to a redback's poison

Illustrated notes

Levels and vault maps discovered:
D:        the_violet_keep_of_menkaure [sprint2_stairs_cluster_1,
          sprint2_shoproom, sprint2_temple, sprint2_basic_supplies,
          sprint2_obstacle_5, sprint2_obstacle_1, sprint2_obstacle_4,
          sprint2_obstacle_6, sprint2_obstacle_7, sprint2_timed_cluster_1,
          sprint2_smallroom_cluster_1, sprint2_smallroom_final_cluster_1,
          sprint2_transparent_cluster_1, sprint2_second_timed_cluster_1,
          sprint2_sniper_area_1, sprint2_heavy_combat_area_1,
          sprint2_mutation_trap_area_1, sprint2_forest_area_1,
          sprint2_light_combat_area_1, sprint2_behind_water_1,
          sprint2_near_end_vault_1]

Skill      XL: |  1  2  3  4  5  6  7  8  9 |
---------------+----------------------------+-----
Fighting       | 4 5 6 7 8 9 10 | 10.1
Dodging        | 4 5 6 7 9 10 11 | 11.3
Unarmed Combat | 5 6 7 8 10 12 14 15 | 15.8
Stealth        | |  0.3

Action                     |  1- 3 |  4- 6 |  7- 9 || total
---------------------------+-------+-------+-------++-------
  Melee: Unarmed           |    10 |    25 |    46 ||    81
         Punch             |       |       |     3 ||     3
 Invoke: Berserk           |       |       |     1 ||     1
         Brothers in Arms  |       |       |     1 ||     1
    Use: Scroll            |       |       |     2 ||     2
         Potion            |       |       |     2 ||     2
 Armour: Animal skin       |     1 |     3 |     7 ||    11
  Dodge: Dodged            |     6 |    14 |    24 ||    44

Table legend: (Time is in decaauts)
 A = Elapsed time spent in this place.
 B = Non-inter-level travel time spent in this place.
 C = Inter-level travel time spent in this place.
 D = Time resting spent in this place.
 E = Time spent auto-exploring this place.
 F = Levels seen in this place.
 G = Mean time per level.
                   A        B        C        D        E       F      G
               +--------+--------+--------+--------+--------+-----+--------+
         Total |    412 |    359 |     53 |     39 |     73 |   1 |  412.0 |
       Dungeon |    412 |    359 |     53 |     39 |     73 |   1 |  412.0 |
               +--------+--------+--------+--------+--------+-----+--------+

Top non-repeatable levels by time:
       D: 412 daAuts
